cohdb
Replays
Latest Replays
All Replays
Popular Replays
Top Player Replays
Match Explorer
How It Works
Community
CoH3 Stats
Reddit
Sign in to upload your games and track your stats! →
Sign in with Steam
Match 42816736
Unlisted
Match 42816736
Overview
Messages
Build Orders
End
Panzergrenadier Squad
Panzergrenadier Squad
Panzergrenadier Squad
Construct Light Support Kompanie
Panzergrenadier Squad
Fire Support Elements
Selects Panzerjäger Kommand Battlegroup
Selects Mine Fields
Selects Defensive Positions
le.IG 18 Support Gun Team
Veteran Squad Leaders
Advanced Field Repairs
Construct Panzerarmee Kommand
Walking Stuka Rocket Launcher
Panzergrenadier Squad
Panzer III L Medium Tank
Selects Tank Busters
Selects Crew Shock Tactics
Panzer III L Medium Tank
Emergency Repair Kits
Tungsten Core Ammunition
Advanced Optics
Panzergrenadier Squad
Arkymendes
gunruth234
MataMOsca
Rodrigo Ragagnin
Bubban8tor
SenSelleS
admiral_gnar
goat_rodeo
0
0
Comments
sign in to comment!
No comments posted yet!